 Dungeon Crawl Stone Soup version 0.30.0-10-gfe55d96785 (webtiles) character file.

Game seed: 7362966039616722650

2645 Persephone the Basher (level 9, -5/52 HPs)
             Began as a Gargoyle Fighter on May 15, 2023.
             Was a High Priest of Zin.
             Slain by a two-headed ogre
             ... wielding a +0 giant club
              (9 damage)
             ... on level 8 of the Dungeon.
             The game lasted 00:11:21 (6505 turns).

Persephone the Basher (Gargoyle Fighter)            Turns: 6505, Time: 00:11:24

Health: -5/52      AC: 22    Str: 25    XL:     9   Next: 62%
Magic:  9/9        EV:  6    Int:  8    God:    Zin [*****.]
Gold:   531        SH:  5    Dex: 15    Spells: 8/8 levels left

rFire   . . .        o - +1 flail (heavy)
rCold   . . .        c - +0 buckler
rNeg    + . .        x - +0 plate armour
rPois   ∞            (no helmet)
rElec   +            (no cloak)
rCorr   .            (no gloves)
SInv    .            (no boots)
Will    .....        q - amulet of the acrobat Stlth
                     t - +4 ring of protection
HPRegen 0.28/turn    w - +6 ring of dexterity
MPRegen 0.11/turn

%: acrobat
@: no status effects
A: sickness immunity, AC +6, negative energy resistance 1, electricity
resistance, torment resistance 1, petrification resistance
a: Renounce Religion, Recite, Vitalisation, Imprison, Sanctuary, Donate Gold


You were on level 8 of the Dungeon.
You worshipped Zin.
Zin was extremely pleased with you.
You visited 1 branch of the dungeon, and saw 8 of its levels.

You collected 589 gold pieces.
You donated 58 gold pieces to Zin.

Inventory:

Hand Weapons
 o - a +1 heavy flail (weapon)
 s - a +5 mace
Armour
 b - a +1 scale mail
 c - a +0 buckler (worn)
 x - a +0 plate armour (worn)
Jewellery
 d - a ring of protection from fire
 g - a +6 ring of intelligence
 q - an amulet of the acrobat (around neck)
 t - a +4 ring of protection (left hand)
 w - a +6 ring of dexterity (right hand)
 y - a ring of resist corrosion
Wands
 r - a wand of quicksilver (21)
 A - a wand of digging (2)
Scrolls
 a - 2 scrolls of magic mapping
 k - 3 scrolls of vulnerability
 p - a scroll of poison
 u - 3 scrolls of teleportation
 z - a scroll of fog
Potions
 e - 2 potions of invisibility
 f - a potion of haste
 h - 2 potions of lignification
 i - 7 potions of curing
 j - 2 potions of cancellation
 l - 2 potions of brilliance
 m - a potion of mutation
 n - 4 potions of heal wounds
 v - a potion of resistance {unknown}


   Skills:
 - Level 4.3 Fighting
 + Level 12.1 Maces & Flails
 - Level 4.4 Armour
 - Level 4.3 Shields


You had 8 spell levels left.
You didn't know any spells.
Your spell library contained the following spells:

 Spells                   Type           Power      Damage    Failure   Level
 Beastly Appendage        Tmut           0%         N/A       100%        1
 Blink                    Tloc           0%         N/A       100%        2
 Wereblood                Tmut           0%         N/A       100%        2
 Call Canine Familiar     Summ           0%         N/A       100%        3
 Portal Projectile        Hex/Tloc       0%         N/A       100%        3
 Spider Form              Tmut/Pois      0%         N/A       100%        3
 Leda's Liquefaction      Hex/Erth       0%         N/A       100%        4
 Manifold Assault         Tloc           0%         N/A       100%        4
 Storm Form               Tmut/Air       0%         N/A       100%        7


Dungeon Overview and Level Annotations

Branches:
Dungeon (8/15)             Temple (0/1) D:7
   Lair: D:8-11

Altars:
Dithmenos
Elyvilon
Ru
Vehumet
Zin

Shops:
D:1 ?

Annotations:
D:3 2 runed translucent doors, Jase's ghost, amateur HOFi


Innate Abilities, Weirdness & Mutations

You are immune to sickness and miasma.
Your stone body is resilient. (AC +6)
You are immune to poison.
You resist negative energy. (rN+)
You are resistant to electric shocks. (rElec)
You are resistant to unholy torment.
You are immune to petrification.


Message History

HP restored.
Things that are here:
a +0 robe; a +3 hand axe Key pressed, stopping explore.
You pay a tithe of 1 gold.
You now have 531 gold pieces (gained 13).
Key pressed, stopping explore.
n - 4 potions of heal wounds (gained 1)
Found an escape hatch in the ceiling.
A centaur zombie comes into view.
A centaur zombie is nearby!
A centaur zombie is nearby!
A two-headed ogre comes into view. It is wielding two +0 giant clubs.
The two-headed ogre shouts in stereo!
You bludgeon the centaur zombie!!
The centaur zombie is severely damaged.
The centaur zombie barely misses you.
The centaur zombie kicks you but does no damage.
You block the centaur zombie's attack.
The centaur zombie kicks you but does no damage.
You sock the centaur zombie!
You destroy the centaur zombie!
Zin accepts your kill.
A killer bee zombie comes into view.
The killer bee zombie moves out of view.
You sock the two-headed ogre!
The two-headed ogre is lightly wounded.
The two-headed ogre hits you with a +0 giant club! x2
You barely miss the two-headed ogre.
The two-headed ogre is lightly wounded.
The killer bee zombie hits you but does no damage.
The two-headed ogre hits you with a +0 giant club!
The two-headed ogre barely misses you.
You hit the two-headed ogre.
The two-headed ogre is moderately wounded.
The killer bee zombie hits you but does no damage. x2
The two-headed ogre hits you with a +0 giant club!
* * * LOW HITPOINT WARNING * * *
The two-headed ogre hits you with a +0 giant club!
You die...

#... #.............
#...##.............
##........>.........
#..................
#..................
+..................
##...##......##...
####.O.##......####
#....@...........
###...Z............
#..................
.....#...##...##.##
.....######...# .#
.8.. .....# . ...
.....# ... .<...#
....+


You could see a two-headed ogre and a killer bee zombie.

Vanquished Creatures
  2 water moccasins (D:6)
  A black bear (D:6)
  An orc warrior (D:7)
  An ice beast (D:5)
  4 ogres
  A phantom (D:7)
  A bullfrog (D:7)
  A wyvern zombie (D:8)
  5 scorpions
  5 wights
  9 killer bees
  4 centaur zombies (D:8)
  3 hounds
  2 jellies (D:7)
  Terence (D:3)
  3 iguanas
  An orc wizard (D:4)
  2 killer bee zombies (D:8)
  A howler monkey zombie (D:8)
  Robin (D:4)
  3 gnolls (D:2)
  8 adders
  3 worms (D:2)
  2 dart slugs
  13 orcs
  10 bats
  7 endoplasms
  3 giant cockroaches
  11 goblins
  10 hobgoblins
  7 jackals
  2 quokkas
  8 ball pythons
  2 frilled lizards (D:2)
  9 kobolds
  6 rats
153 creatures vanquished.

Vanquished Creatures (others)
  A goblin (D:4)
1 creature vanquished.

Grand Total: 154 creatures vanquished

Notes
Turn   | Place    | Note
-------+----------+-------------------------------------------
     0 | D:1      | Persephone the Gargoyle Fighter began the quest for the
                  | Orb.
     0 | D:1      | Reached XP level 1. HP: 14/14 MP: 1/1
   154 | D:1      | Found Cael's Magic Scroll Shoppe.
   262 | D:1      | Reached XP level 2. HP: 19/19 MP: 2/2
  1098 | D:2      | Reached XP level 3. HP: 3/23 MP: 3/3
  1469 | D:2      | Reached XP level 4. HP: 24/29 MP: 4/4
  1928 | D:3      | Noticed Terence
  1935 | D:3      | Killed Terence
  1936 | D:3      | Reached skill level 3 in Maces & Flails
  1936 | D:3      | Reached XP level 5. HP: 32/33 MP: 5/5
  2350 | D:3      | Found a large runed translucent door.
  2350 | D:3      | Found a large runed translucent door.
  2372 | D:3      | Noticed Jase's ghost (amateur HOFi)
  2566 | D:3      | Found a glowing silver altar of Zin.
  2566 | D:3      | Noticed an angel
  2578 | D:3      | Became a worshipper of Zin the Law-Giver
  2578 | D:3      | Reached * piety under Zin
  2807 | D:4      | Noticed an ogre
  2811 | D:4      | Killed an ogre
  2812 | D:4      | Reached skill level 4 in Maces & Flails
  2812 | D:4      | Reached XP level 6. HP: 38/38 MP: 6/6
  3084 | D:4      | Reached ** piety under Zin
  3485 | D:4      | Noticed Robin
  3490 | D:4      | Killed Robin
  3570 | D:4      | Reached skill level 5 in Maces & Flails
  3814 | D:5      | Entered Level 5 of the Dungeon
  3841 | D:5      | Reached XP level 7. HP: 15/43 MP: 7/7
  4046 | D:5      | Found a radiant altar of Vehumet.
  4114 | D:5      | Reached skill level 6 in Maces & Flails
  4172 | D:5      | Found a sacrificial altar of Ru.
  4293 | D:5      | Reached skill level 7 in Maces & Flails
  4321 | D:5      | Reached XP level 8. HP: 48/48 MP: 8/8
  4381 | D:5      | Reached *** piety under Zin
  4432 | D:6      | Reached skill level 8 in Maces & Flails
  4461 | D:6      | Found a white marble altar of Elyvilon.
  4570 | D:6      | Reached skill level 9 in Maces & Flails
  4798 | D:6      | Found a shadowy altar of Dithmenos.
  4811 | D:6      | Reached **** piety under Zin
  4853 | D:6      | Zin protects you from harm!
  4876 | D:6      | Reached skill level 10 in Maces & Flails
  5068 | D:6      | Reached XP level 9. HP: 4/52 MP: 9/9
  5583 | D:7      | Found a staircase to the Ecumenical Temple.
  5656 | D:7      | Reached skill level 11 in Maces & Flails
  5981 | D:7      | HP: 1/52 [acid (5)]
  6463 | D:8      | Reached ***** piety under Zin
  6469 | D:8      | Reached skill level 12 in Maces & Flails
  6498 | D:8      | Noticed a two-headed ogre
  6505 | D:8      | Slain by a two-headed ogre

Illustrated notes

Levels and vault maps discovered:
D:1:      lemuel_arrival_rhombus, layout_basic, serial_shops, shop,
          chequers_serial_rivers_large_a
D:2:      layout_rooms, minmay_pentomino_q4
D:3:      minmay_diamond_boxcup, layout_loops_ring, zin_angel,
          ebering_ghost_disaster_area, minmay_misc_feat_secret_circle,
          uniq_terence
D:4:      layout_gridville, minivault_5, hangedman_decor_opposing,
          grunt_ministairs_3, ebering_dispersal_statue_hall, uniq_robin
D:5:      layout_basic, nicolae_vehumet_altar_sigil,
          mainiacjoe_overflow_alcove_4
D:6:      layout_basic, amcnicky_altar_gilded, mainiacjoe_overflow_catwalk
D:7:      layout_rooms, minmay_temple_entry_statues_fountains
D:8:      layout_gridville, chequers_temple_overflow_statue_of_worship,
          serial_undead, serial_undead_e, serial_undead_b, serial_undead_d,
          serial_undead_b, serial_undead_a, serial_undead_e, serial_undead_f,
          serial_undead_a, serial_undead_b, serial_undead_f,
          uniq_prince_ribbit1, uniq_pikel

Skill      XL: |  1  2  3  4  5  6  7  8  9 |
---------------+----------------------------+-----
Armour         | 4 |  4.4
Shields        | 4 |  4.3
Fighting       | 4 |  4.3
Maces & Flails | 3 4 5 7 10 12 | 12.1

Action                     |  1- 3 |  4- 6 |  7- 9 || total
---------------------------+-------+-------+-------++-------
  Melee: Flail             |   118 |   170 |   106 ||   394
         Mace              |       |     6 |   118 ||   124
 Invoke: Recite            |       |     1 |     3 ||     4
         Vitalisation      |       |       |     2 ||     2
    Use: Potion            |     1 |       |     2 ||     3
         Scroll            |    10 |     5 |     2 ||    17
 Armour: Scale mail        |    80 |   118 |    80 ||   278
         Plate armour      |       |       |   129 ||   129
  Dodge: Dodged            |    65 |   103 |   185 ||   353
  Block: Buckler           |    33 |    48 |   102 ||   183
